 Dungeon Crawl Stone Soup version 0.32-a0-747-gc8563f6773 (webtiles) character file.

Game seed: 13086058801939241756

333443 Berder the Devastator (level 21, -7/189 HPs)
             Began as a Naga Fire Elementalist on Mar 14, 2024.
             Was the Champion of Vehumet.
             Killed from afar by a servant of whispers (23 damage)
             ... with a bolt of lightning
             ... in the Desolation of Salt on Mar 17, 2024.
             The game lasted 03:19:17 (64671 turns).

Berder the Devastator (Naga Fire Elementalist)     Turns: 64671, Time: 03:19:17

Health: -7/189     AC: 24    Str:  9    XL:     21   Next: 81%
Magic:  15/50      EV: 23    Int: 32    God:    Vehumet [******]
Gold:   3782       SH: 15    Dex: 19    Spells: 10/52 levels left

rFire   . . .        a - +9 demon trident (freeze)
rCold   + + +        U - +2 kite shield
rNeg    . . .        E - +2 robe {rC+}
rPois   +            d - +2 hat {Int+3}
rElec   .            h - +0 cloak
rCorr   .            F - +0 pair of gloves
SInv    +            R - +1 barding
Will    ++...        f - amulet of the acrobat
Stlth   +++          z - ring of magical power
HPRegen 0.51/turn    c - ring "Xiemn" {rC++ Str-2 Int+6 Dex+4}
MPRegen 0.32/turn

%: acrobat
@: acrobatic, slightly contaminated, hasted, quick
A: AC +7, large, see invisible, deformed body, poison resistance, slowness 2,
spit poison 1, naga tail 2, iridescent scales 1, inability to read after injury
1
}: 2/15 runes: decaying, serpentine
a: Spit Poison, Renounce Religion


You were in the Desolation of Salt.
You worshipped Vehumet.
Vehumet was exalted by your worship.
You visited 8 branches of the dungeon, and saw 37 of its levels.
You also visited: Gauntlet, Ice Cave and Desolation.

You collected 4792 gold pieces.
You spent 1010 gold pieces at shops.

Inventory:

Hand Weapons
 a - a +9 demon trident of freezing (weapon)
 b - the +5 hand axe "Nemuzenk" {speed, Will+}
   (You found it on level 9 of the Dungeon)

   Will+:     It increases your willpower.
Armour
 d - a +2 hat of intelligence (worn)
 h - a +0 cloak (worn)
 E - a +2 robe of cold resistance (worn)
 F - a +0 pair of gloves (worn)
 R - a +1 barding (worn)
 U - a +2 kite shield (worn)
Jewellery
 c - the ring "Xiemn" (right hand) {rC++ Str-2 Int+6 Dex+4}
   (You found it in a Gauntlet)

   [ring of intelligence]

   Str-2:     It affects your strength (-2).
   Int+6:     It affects your intelligence (+6).
   Dex+4:     It affects your dexterity (+4).
   rC++:      It greatly protects you from cold.
 e - a ring of flight
 f - an amulet of the acrobat (around neck)
 z - a ring of magical power (left hand)
 G - a ring of positive energy
 O - a ring of protection from cold
 W - a ring of ice
 X - the amulet of Sioquasmat {Reflect Dex+4 SH+5}
   (You found it in a Gauntlet)

   [amulet of reflection]

   Reflect:   It reflects blocked missile attacks.
   Dex+4:     It affects your dexterity (+4).
   SH+5:      It affects your SH (+5).
Wands
 m - a wand of digging (5)
 p - a wand of iceblast (51)
 u - a wand of polymorph (20)
 w - a wand of paralysis (38)
 L - a wand of light (22)
 N - a wand of flame (12)
Scrolls
 j - 2 scrolls of poison
 o - 3 scrolls of enchant armour
 q - 2 scrolls of enchant weapon
 y - a scroll of silence
 C - a scroll of teleportation
 D - 4 scrolls of noise
 H - 3 scrolls of vulnerability
 I - 10 scrolls of immolation
 K - 2 scrolls of brand weapon
 P - a scroll of butterflies
 Q - 13 scrolls of identify
 S - 4 scrolls of amnesia
 T - 2 scrolls of fog
 V - 2 scrolls of revelation
Potions
 g - 4 potions of brilliance
 i - 7 potions of curing
 k - 3 potions of enlightenment
 l - 3 potions of mutation
 n - 2 potions of berserk rage
 r - 2 potions of cancellation
 x - 2 potions of resistance
 A - a potion of might
 M - 2 potions of magic
Miscellaneous
 Y - a condenser vane


   Skills:
 - Level 11.9 Fighting
 - Level 7.4 Polearms
 - Level 9.3 Armour
 - Level 5.0 Dodging
 - Level 3.0 Stealth
 - Level 12.0 Shields
 - Level 16.0 Spellcasting
 - Level 18.2 Conjurations
 + Level 14.3 Fire Magic
 - Level 2.0 Air Magic
 - Level 14.0 Earth Magic
 - Level 3.0 Alchemy
 - Level 8.0 Evocations


You had 10 spell levels left.
You knew the following spells:

 Your Spells              Type           Power      Damage    Failure   Level
a - Flame Wave            Conj/Fire      92%        2d19      1%          4
b - Iskenderun's Battles  Conj           97%        2d14      1%          5
c - Mephitic Cloud        Conj/Alch/Air  66%        N/A       1%          3
d - Scorch                Fire           100%       2d9       0%          2
e - Blink                 Tloc           50%        N/A       7%          2
f - Foxfire               Conj/Fire      100%       2x1d9     0%          1
g - Olgreb's Toxic Radia  Alch           44%        N/A       3%          4
h - Bombard               Conj/Erth      45%        9d8       1%          6
i - Fireball              Conj/Fire      46%        3d18      1%          5
j - Irradiate             Conj/Alch      38%        3d24      1%          5
k - Lee's Rapid Deconstr  Erth           43%        3d21*     1%          5

Your spell library contained the following spells:

 Spells                   Type           Power      Damage    Failure   Level
 Fire Storm               Conj/Fire      46%        8d12      78%         9
 Shatter                  Erth           43%        3d33*     96%         9
 Polar Vortex             Ice            12%        12d1*     100%        9
 Magic Dart               Conj           100%       1d8       0%          1
 Sting                    Conj/Alch      100%       1d9       1%          1
 Static Discharge         Conj/Air       100%       3-8/arc   1%          2
 Dazzling Flash           Conj/Hex       100%       N/A       1%          3
 Inner Flame              Hex/Fire       64%        N/A       1%          3
 Volatile Blastmotes      Fire/Tloc      100%       2d18      1%          3
 Sticky Flame             Fire/Alch      69%        2d11      1%          4
 Orb of Destruction       Conj           48%        9d13      1%          7
 Summon Blazeheart Golem  Fire/Summ      64%        N/A       2%          4
 Apportation              Tloc           50%        N/A       4%          1
 Necrotise                Necr           100%       1d9       4%          1
 Summon Small Mammal      Summ           100%       N/A       4%          1
 Call Imp                 Summ           50%        N/A       7%          2
 Jinxbite                 Hex            50%        N/A       7%          2
 Lesser Beckoning         Tloc           50%        N/A       7%          2
 Sublimation of Blood     Necr           25%        N/A       7%          2
 Borgnjor's Vile Clutch   Necr/Erth      31%        N/A       7%          5
 Lehudib's Crystal Spear  Conj/Erth      45%        10d11     11%         8
 Call Canine Familiar     Summ           25%        N/A       14%         3
 Fugue of the Fallen      Necr           25%        N/A       14%         3
 Gell's Gravitas          Tloc           25%        N/A       14%         3
 Ozocubu's Armour         Ice            25%        N/A       14%         3
 Sigil of Binding         Hex            25%        N/A       14%         3
 Teleport Other           Tloc           25%        N/A       14%         3
 Tukima's Dance           Hex            25%        N/A       14%         3
 Vampiric Draining        Necr           25%        2d7       14%         3
 Yara's Violent Unravell  Hex/Alch       17%        3d8       17%         5
 Spellforged Servitor     Conj/Summ      35%        N/A       24%         7
 Anguish                  Hex/Necr       12%        N/A       41%         4
 Animate Dead             Necr           25%        N/A       41%         4
 Cause Fear               Hex            12%        N/A       41%         4
 Dimensional Bullseye     Hex/Tloc       12%        N/A       41%         4
 Manifold Assault         Tloc           25%        N/A       41%         4
 Martyr's Knell           Necr/Summ      25%        N/A       41%         4
 Passage of Golubria      Tloc           25%        N/A       41%         4
 Silence                  Hex/Air        16%        N/A       63%         5
 Curse of Agony           Necr           25%        N/A       77%         5
 Death Channel            Necr           12%        N/A       100%        6
 Dispersal                Tloc           12%        N/A       100%        6
 Enfeeble                 Hex            12%        N/A       100%        7
 Haunt                    Necr/Summ      12%        N/A       100%        7
 Borgnjor's Revivificati  Necr           12%        N/A       100%        8
 Death's Door             Necr           12%        N/A       100%        9
 Dragon's Call            Summ           12%        N/A       100%        9


Dungeon Overview and Level Annotations

Branches:
Dungeon (15/15)            Temple (1/1) D:5            Lair (5/5) D:8
  Swamp (4/4) Lair:3        Snake (4/4) Lair:3        Slime (0/5) Lair:4
    Orc (2/2) D:11            Elf (2/3) Orc:2        Vaults (4/5) D:13
  Crypt (0/3) Vaults:2     Depths (0/4) D:15          IceCv (visited)
Desolation (1/1)          Gauntlet (visited)

Altars:
Ashenzari
Cheibriados
Dithmenos
Elyvilon
Fedhas
Gozag
Hepliaklqana
Kikubaaqudgha
Makhleb
Nemelex Xobeh
Okawaru
Qazlal
Ru
Sif Muna
Trog
Uskayaw
Vehumet
Wu Jian
Xom
Yredelemnul
Zin
The Shining One
Jiyva

Shops:
Orc:2 [:*([   Elf:2 (

Portals:
Abyss: Orc:2

Annotations:
D:7 Jeremiah
Lair:5 2 runed translucent doors
Swamp:4 Roxanne
Orc:2 2 transporters, zenocrate's ghost, journeyman FeEE


Innate Abilities, Weirdness & Mutations

Your serpentine skin is tough. (AC +7)
You have supernaturally acute eyesight. (SInv)
Armour fits poorly on your strangely shaped body.
Your system is resistant to poisons. (rPois)
You cover ground very slowly.
You can spit poison.
You can use your snake-like lower body to constrict enemies.
You are partially covered in iridescent scales. (AC +2)
You occasionally lose the ability to read scrolls when taking damage.


Message History

The saltling hits you but does no damage.
The imperial myrmidon casts a spell at you.
You resist with some effort.
The saltling hits you but does no damage.
Your body shudders with the violent release of wild energies!
You occasionally lose the ability to read scrolls when taking damage.
You feel less contaminated with magical energies.
The halazid warlock casts a spell at you.
The bolt of cold hits you. You resist.
The servant of whispers calls down the wrath of its god upon you.
The bolt of lightning misses you.
You hear a shout!
The imperial myrmidon shouts!
You hear a shout! x3
A saltling comes into view.
The saltling closely misses you.
The servant of whispers calls down the wrath of its god upon you.
The bolt of lightning hits you!!
* * * LOW HITPOINT WARNING * * *
You hear a shout! x2
Your surroundings suddenly seem different.
You hear a roar!
The air resumes its normal movements.
A halazid warlock comes into view.
As you read the scroll of teleportation, it crumbles to dust.
You feel strangely unstable.
The ragged hierophant shouts!
The ragged hierophant gestures at you while chanting.
A blast of power from the earth and the saltling strikes you!
* * * LOW HITPOINT WARNING * * *
The saltling closely misses you. You block the saltling's attack.
Your surroundings seem slightly different. 2 saltlings come into view.
The imperial myrmidon shouts!
The peacekeeper roars!
The imperial myrmidon shouts!
The servant of whispers mumbles some strange prayers to its god against you.
The bolt of lightning hits you!!
* * * LOW HITPOINT WARNING * * *
The servant of whispers mumbles some strange prayers to its god against you.
The bolt of lightning hits you!!
You die...

.§§....................
..§§.9............a9.§.
..§§....§#.............
..§§§..99..............
§§§§...................
.§§......................
....a.....................
................#...............
........a......@....)...........
.#..............................
.........L..∩..........9........
..........9....9)...............
............∩...))..............
..##..9....99.a.............
..#.................a.......
.........9....a..a#9.L.....#
......9..........99.........


You could see 3 servants of whispers, 2 imperial myrmidons, a halazid warlock, a
peacekeeper and 7 saltlings.

Vanquished Creatures
  the Lernaean hydra (Swamp:4)
  Nikola (Snake:2)
  Norris (Vaults:1)
  Asterion (Elf:1)
  2 sphinxes
  A deep elf blademaster (Elf:2)
  Frances (Swamp:1)
  A tengu reaver (D:12)
  11 nagarajas
  3 frost giants
  An imperial myrmidon (Desolation)
  13 vault wardens
  2 ghouls (Swamp:3)
  15 ironbound preservers
  2 orc warlords
  3 stone giants
  6 ironbound thunderhulks
  A formless jellyfish (Vaults:1)
  A deep elf annihilator (Elf:1)
  A deep elf demonologist (Vaults:2)
  4 deep elf death magi
  A war gargoyle (Vaults:3)
  2 bunyips (Swamp:3)
  5 eleionomae
  12 dire elephants
  A minotaur (Gauntlet)
  A white draconian (IceCv)
  An ettin (Vaults:2)
  6 ragged hierophants (Desolation)
  2 entropy weavers (Vaults:1)
  A shambling mangrove (Swamp:2)
  11 yaktaur captains
  21 hydras
  7 vault guards
  3 salamander tyrants
  6 servants of whispers (Desolation)
  5 great orbs of eyes
  6 alligators
  A ghost crab (Swamp:3)
  13 ironbound frosthearts
  A peacekeeper (Vaults:3)
  3 boulder beetles
  12 anacondas
  10 centaur warriors
  3 two-headed ogres
  A death knight (D:12)
  14 dancing weapons
  An ogre mage (D:15)
  A deep troll earth mage (Vaults:1)
  11 death yaks
  A tengu warrior (D:13)
  4 shock serpents
  4 orc high priests (Orc:2)
  13 naga warriors
  16 naga sharpshooters
  5 skysharks
  Nergalle (Lair:2)
  7 deep elf knights
  A fire crab (Lair:5)
  5 skeletal warriors
  44 deep trolls
  5 salamander mystics
  5 goliath frogs
  14 swamp dragons
  4 mana vipers
  3 arcanists
  2 glowing orange brains
  A spriggan druid (Swamp:3)
  A death drake (Swamp:3)
  8 sea snakes
  2 phantasmal warriors
  6 bog bodies
  An orange crystal statue (IceCv)
  3 naga ritualists
  7 lindwurms
  16 ironbound convokers
  3 thermic dynamos (Elf:1)
  4 orc knights
  9 deep elf archers
  24 deep elf pyromancers
  A necromancer (Vaults:2)
  21 deep elf zephyrmancers
  16 salamanders
  16 ugly things
  An orc sorcerer (Orc:2)
  2 will-o-the-wisps
  4 cyclopes
  3 manticores
  A moth of wrath (Gauntlet)
  9 elephants
  4 kobold blastminers
  2 molten gargoyles (Lair:5)
  62 slime creatures
  3 meliai (D:14)
  24 black mambas
  9 guardian serpents
  8 vault sentinels
  8 naga magi
  A torpor snail (Gauntlet)
  A gargoyle (D:13)
  13 cane toads
  An eye of devastation (Gauntlet)
  Maggie (Lair:2)
  5 kobold demonologists
  An unseen horror (D:13)
  23 rime drakes
  A tengu conjurer (D:15)
  9 komodo dragons
  23 yaktaurs
  6 trolls
  4 bloated husks
  7 hornets
  11 tyrant leeches
  37 saltlings
  16 polar bears
  6 dream sheep (Lair:4)
  2 glass eyes (Gauntlet)
  Sigmund (D:4)
  16 blink frogs
  A spriggan (shapeshifter) (D:13)
  A jumping spider (Vaults:1)
  3 shadows
  A yak (shapeshifter) (D:15)
  35 yaks
  5 spriggans
  3 air elementals
  5 wyverns
  3 water elementals
  A wraith (D:14)
  Eustachio (D:4)
  4 basilisks
  A neqoxec (Gauntlet)
  3 steam dragons
  7 redbacks
  3 wargs
  14 vampire mosquitoes
  2 chaos spawn (Gauntlet)
  15 swamp worms
  34 nagas
  3 hell hounds (Lair:5)
  14 water moccasins
  An acid dragon (D:11)
  7 swamp drakes
  A sky beast (D:8)
  2 ice beasts
  2 laughing skulls (D:13)
  27 orc warriors
  10 ogres
  An ogre (shapeshifter) (D:14)
  20 wolves
  18 centaurs
  A phantom (D:5)
  Blork the orc (D:5)
  4 kobold brigands
  A gnoll sergeant (D:10)
  17 bullfrogs
  2 earth elementals (Elf:1)
  2 scorpions
  9 wights
  4 killer bees (D:8)
  11 electric eels
  2 bombardier beetles
  3 howler monkeys
  5 lava snakes (Lair:5)
  A jelly (D:6)
  6 hounds
  15 orc priests
  A gnoll bouda (D:9)
  Ijyb (D:5)
  A sleepcap (D:5)
  3 iguanas
  20 orc wizards
  12 gnolls
  8 adders
  A white imp (D:7)
  2 ufetubi (D:5)
  A ribbon worm (D:3)
  3 dart slugs
  66 orcs
  12 bats
  6 endoplasms
  8 giant cockroaches
  6 goblins
  10 hobgoblins
  9 jackals
  25 kobolds
  4 quokkas
  9 ball pythons
  5 frilled lizards
  2 rats (D:1)
1379 creatures vanquished.

Vanquished Creatures (collateral kills)
  12 foxfires
12 creatures vanquished.

Vanquished Creatures (others)
  A tengu conjurer (D:13)
  2 bloated husks
  A hell hound (Lair:5)
  1964 foxfires
1968 creatures vanquished.

Grand Total: 3359 creatures vanquished

Notes
Turn   | Place    | Note
-------+----------+-------------------------------------------
     0 | D:1      | Berder the Naga Fire Elementalist began the quest for the
                  | Orb.
     0 | D:1      | Reached XP level 1. HP: 15/15 MP: 3/3
   266 | D:1      | Reached skill level 2 in Conjurations
   266 | D:1      | Reached XP level 2. HP: 22/22 MP: 1/5
   317 | D:1      | Learned a level 2 spell: Scorch
   930 | D:1      | Reached XP level 3. HP: 28/28 MP: 2/6
  1017 | D:1      | Reached skill level 3 in Conjurations
  1285 | D:1      | Found a faded altar of an unknown god.
  1435 | D:1      | Learned a level 3 spell: Mephitic Cloud
  2295 | D:2      | Reached skill level 1 in Alchemy
  2295 | D:2      | Reached XP level 4. HP: 36/36 MP: 2/7
  2934 | D:3      | You fall into a shaft and drop 3 floors!
  2937 | D:6      | Noticed a water moccasin
  2942 | D:6      | Killed a water moccasin
  2943 | D:6      | Reached skill level 1 in Air Magic
  2943 | D:6      | Reached XP level 5. HP: 42/42 MP: 3/8
  2998 | D:5      | Entered Level 5 of the Dungeon
  3000 | D:5      | Noticed a centaur
  3005 | D:5      | Killed a centaur
  3006 | D:5      | Reached skill level 4 in Conjurations
  3006 | D:5      | Reached XP level 6. HP: 42/49 MP: 2/9
  4492 | D:4      | Noticed Sigmund
  4498 | D:4      | Killed Sigmund
  4499 | D:4      | Reached skill level 5 in Conjurations
  4499 | D:4      | Reached skill level 5 in Fire Magic
  4499 | D:4      | Reached XP level 7. HP: 55/55 MP: 0/10
  5074 | D:4      | Noticed Eustachio
  5083 | D:4      | Killed Eustachio
  5084 | D:4      | Reached skill level 6 in Conjurations
  5084 | D:4      | Reached XP level 8. HP: 62/62 MP: 2/11
  5337 | D:5      | Noticed Blork the orc
  5343 | D:5      | Killed Blork the orc
  5566 | D:5      | Found a staircase to the Ecumenical Temple.
  5577 | Temple   | Entered the Ecumenical Temple
  5603 | Temple   | Became a worshipper of Vehumet
  6230 | D:5      | Reached skill level 7 in Conjurations
  6326 | D:5      | Noticed Ijyb
  6334 | D:5      | Killed Ijyb
  6772 | D:5      | Reached * piety under Vehumet
  6772 | D:5      | Offered knowledge of Freeze by Vehumet.
  6902 | D:5      | Reached XP level 9. HP: 44/68 MP: 4/12
  7105 | D:6      | Reached skill level 8 in Conjurations
  7932 | D:7      | Noticed Jeremiah
  8235 | D:7      | Reached skill level 9 in Conjurations
  8513 | D:7      | Learned a level 4 spell: Flame Wave
  8537 | D:8      | Reached skill level 1 in Fighting
  8805 | D:7      | Reached ** piety under Vehumet
  8805 | D:7      | Offered knowledge of Sting by Vehumet.
  8806 | D:7      | Reached XP level 10. HP: 82/82 MP: 10/15
  9411 | D:8      | Found a staircase to the Lair.
  9742 | D:8      | Got the Handbook of Gloom
 10122 | D:9      | Offered knowledge of Hailstorm by Vehumet.
 10312 | D:9      | Found an iron altar of Okawaru.
 10504 | D:9      | Identified the +5 hand axe "Nemuzenk" {speed, Will+}
 10819 | D:10     | Entered Level 10 of the Dungeon
 10832 | D:10     | Reached *** piety under Vehumet
 10833 | D:10     | Reached skill level 5 in Fighting
 10833 | D:10     | Reached skill level 5 in Spellcasting
 11132 | D:10     | Noticed a kobold demonologist
 11134 | D:10     | Noticed a kobold demonologist
 11142 | D:10     | Killed a kobold demonologist
 11148 | D:10     | Killed a kobold demonologist
 11731 | D:11     | Noticed a two-headed ogre
 11738 | D:11     | Killed a two-headed ogre
 11739 | D:11     | Reached XP level 11. HP: 91/100 MP: 20/21
 11895 | D:11     | Offered knowledge of Airstrike by Vehumet.
 11901 | D:11     | Learned a level 2 spell: Blink
 12034 | D:11     | Found a staircase to the Orcish Mines.
 12081 | D:11     | Noticed a cyclops
 12092 | D:11     | Killed a cyclops
 12432 | D:12     | Noticed a manticore
 12441 | D:12     | Killed a manticore
 12460 | D:12     | Noticed a manticore
 12467 | D:12     | Killed a manticore
 12847 | D:12     | Reached **** piety under Vehumet
 13146 | D:12     | Found an ornate altar of the Wu Jian Council.
 13268 | D:12     | Noticed a boulder beetle
 13355 | Lair:1   | Entered Level 1 of the Lair of Beasts
 13704 | Lair:1   | Offered knowledge of Sticky Flame by Vehumet.
 13705 | Lair:1   | Reached XP level 12. HP: 56/116 MP: 6/25
 13890 | Lair:1   | Reached skill level 10 in Fighting
 14122 | Lair:1   | Noticed a death yak
 14122 | Lair:1   | Noticed a death yak
 14122 | Lair:1   | Noticed a death yak
 14140 | Lair:1   | Noticed a death yak
 14141 | Lair:1   | Noticed a death yak
 14144 | Lair:1   | Noticed a death yak
 14439 | Lair:1   | Reached skill level 10 in Spellcasting
 14892 | Lair:1   | Reached skill level 1 in Armour
 14892 | Lair:1   | Reached skill level 1 in Shields
 15096 | Lair:1   | Identified the +5 ring mail of the Tortured God {rC+
                  | Stlth+}
 15688 | Lair:2   | Noticed Maggie
 15699 | Lair:2   | Killed Maggie
 15871 | Lair:2   | Noticed Nergalle
 15887 | Lair:2   | Killed Nergalle
 16849 | Lair:3   | Reached skill level 5 in Shields
 16851 | Lair:3   | Noticed a boulder beetle
 16909 | Lair:3   | Learned a level 5 spell: Iskenderun's Battlesphere
 17038 | Lair:3   | Reached skill level 5 in Armour
 17038 | Lair:3   | Gained mutation: You can use your snake-like lower body to
                  | constrict enemies. [Naga growth]
 17038 | Lair:3   | Reached XP level 13. HP: 61/124 MP: 15/27
 17313 | Lair:3   | Found a staircase to the Snake Pit.
 17342 | Lair:3   | Reached ***** piety under Vehumet
 17343 | Lair:3   | Reached skill level 10 in Conjurations
 17343 | Lair:3   | Offered knowledge of Olgreb's Toxic Radiance by Vehumet.
 17573 | Lair:3   | Reached skill level 11 in Conjurations
 18172 | Lair:3   | Found a staircase to the Swamp.
 18692 | Lair:4   | Found a staircase to the Slime Pits.
 18714 | Lair:4   | Found a viscous altar of Jiyva.
 18883 | Lair:4   | Reached skill level 12 in Conjurations
 19461 | Lair:4   | Reached skill level 13 in Conjurations
 20075 | Lair:5   | Entered Level 5 of the Lair of Beasts
 20284 | Lair:4   | Learned a level 4 spell: Olgreb's Toxic Radiance
 20499 | Lair:5   | Reached skill level 14 in Conjurations
 20499 | Lair:5   | Reached XP level 14. HP: 133/133 MP: 28/28
 21181 | Lair:5   | Reached skill level 15 in Conjurations
 21983 | Lair:5   | Upgraded the game from 0.32-a0-705-g60f233581c to
                  | 0.32-a0-711-g016ad743e0
 22593 | Lair:5   | Upgraded the game from 0.32-a0-711-g016ad743e0 to
                  | 0.32-a0-732-ga344392067
 22890 | D:12     | Noticed a tengu reaver
 22890 | D:12     | Noticed an orc warlord
 23019 | D:13     | Reached skill level 16 in Conjurations
 23226 | D:12     | Noticed a frost giant
 23290 | D:11     | Killed an orc warlord
 24123 | Lair:5   | Found a large runed translucent door.
 24124 | Lair:5   | Found a large runed translucent door.
 24451 | Lair:2   | Learned a level 6 spell: Bombard
 24624 | Orc:1    | Entered Level 1 of the Orcish Mines
 24650 | Orc:1    | Reached skill level 1 in Earth Magic
 25002 | Orc:1    | Offered knowledge of Fireball by Vehumet.
 25009 | Orc:1    | Learned a level 5 spell: Fireball
 25645 | Orc:2    | Entered Level 2 of the Orcish Mines
 25665 | Orc:2    | Noticed an orc warlord
 25823 | Orc:1    | Killed an orc warlord
 25949 | Orc:2    | Reached skill level 5 in Earth Magic
 26494 | Orc:2    | Found Alacufuq's Book Shoppe.
 26507 | Orc:2    | Found Deqocvy's Antique Armour Shop.
 26515 | Orc:2    | Bought a glowing hat for 203 gold pieces
 26520 | Orc:2    | Bought a dazzling leather armour for 203 gold pieces
 26520 | Orc:2    | Identified the +0 leather armour of Starshine {Will+ Str+3}
                  | (You bought it in a shop on level 2 of the Orcish Mines)
 26544 | Orc:2    | Found a transporter.
 26554 | Orc:2    | Found a transporter.
 26559 | Orc:2    | Found the +3 greatsling "Punk" {acid, rCorr}
 26592 | Orc:2    | Reached XP level 15. HP: 140/140 MP: 29/29
 26759 | Orc:2    | Found Reoxoju's Armour Shoppe.
 26885 | Orc:2    | Found Maiph's Antique Weapon Boutique.
 26896 | Orc:2    | Found a staircase to the Elven Halls.
 26926 | Orc:2    | Noticed an orc warlord
 26940 | Orc:2    | Noticed zenocrate's ghost (journeyman FeEE)
 26945 | Orc:2    | Found Lucur's General Store.
 26960 | Orc:2    | Bought a +0 cloak for 58 gold pieces
 27173 | Orc:2    | Found a one-way gate to the infinite horrors of the Abyss.
 27524 | Orc:2    | Bought a book of Dangerous Friends for 546 gold pieces
 28199 | D:12     | Killed a frost giant
 28673 | D:13     | Found a gate to the Vaults.
 29931 | D:14     | Gained mutation: You are partially covered in iridescent
                  | scales. (AC +2) [potion of mutation]
 29940 | D:14     | Found a gate leading to a gauntlet.
 29950 | Gauntlet | Entered a Gauntlet
 29950 | Gauntlet | Found a transporter.
 30152 | Gauntlet | Found a transporter.
 30153 | Gauntlet | Found a transporter.
 30157 | Gauntlet | Found a transporter.
 30164 | Gauntlet | Found a transporter.
 30165 | Gauntlet | Found a transporter.
 30166 | Gauntlet | Found a transporter.
 30175 | Gauntlet | Found a transporter.
 30177 | Gauntlet | Found a transporter.
 30178 | Gauntlet | Found a transporter.
 30186 | Gauntlet | Found a transporter.
 30189 | Gauntlet | Found a transporter.
 30190 | Gauntlet | Found a transporter.
 30197 | Gauntlet | Found a runed translucent door.
 30200 | Gauntlet | Found a transporter.
 30559 | Gauntlet | Reached skill level 10 in Earth Magic
 30604 | Gauntlet | Identified the ring "Xiemn" {rC++ Str-2 Int+6 Dex+4}
 30625 | Gauntlet | Identified the amulet "Qurpheorph" {Acrobat -Tele rElec
                  | Str+3 Slay+3}
 30636 | Gauntlet | Identified the amulet of Sioquasmat {Reflect Dex+4 SH+5}
 30876 | D:14     | Offered knowledge of Irradiate by Vehumet.
 31204 | D:15     | Entered Level 15 of the Dungeon
 32217 | D:15     | Found a staircase to the Depths.
 33092 | D:15     | Reached XP level 16. HP: 148/148 MP: 20/32
 33392 | D:12     | Learned a level 5 spell: Irradiate
 33396 | D:12     | Killed a tengu reaver
 33672 | Snake:1  | Entered Level 1 of the Snake Pit
 33938 | Snake:1  | Reached skill level 1 in Evocations
 34985 | Snake:2  | Reached skill level 5 in Evocations
 35679 | Snake:2  | You fall into a shaft and drop 1 floor!
 37600 | Snake:2  | Noticed Nikola
 37611 | Snake:2  | Killed Nikola
 38369 | Snake:3  | Reached XP level 17. HP: 159/159 MP: 33/33
 39222 | Snake:4  | Entered Level 4 of the Snake Pit
 39443 | Snake:4  | Reached skill level 17 in Conjurations
 39901 | Snake:4  | Identified the +0 robe "Eliosuus" {Fly Int+4}
 40885 | Snake:4  | Offered knowledge of Ozocubu's Refrigeration by Vehumet.
 41370 | Snake:4  | Reached skill level 18 in Conjurations
 41801 | Snake:4  | Got a serpentine rune of Zot
 42028 | Swamp:1  | Entered Level 1 of the Swamp
 42180 | Swamp:1  | Noticed Frances
 42190 | Swamp:1  | Killed Frances
 42258 | Swamp:1  | Found a glacial archway.
 42277 | IceCv    | Entered an ice cave
 43228 | IceCv    | Reached XP level 18. HP: 168/168 MP: 28/35
 44259 | IceCv    | Upgraded the game from 0.32-a0-732-ga344392067 to
                  | 0.32-a0-747-gc8563f6773
 46147 | Swamp:3  | Reached ****** piety under Vehumet
 46559 | Swamp:3  | Offered knowledge of Lee's Rapid Deconstruction by Vehumet.
 46903 | Swamp:3  | Reached skill level 15 in Spellcasting
 46927 | Swamp:2  | Learned a level 5 spell: Lee's Rapid Deconstruction
 47312 | Swamp:3  | Reached skill level 5 in Dodging
 47787 | Swamp:4  | Entered Level 4 of the Swamp
 47885 | Swamp:4  | Reached skill level 1 in Polearms
 48174 | Swamp:4  | Noticed Roxanne
 48817 | Swamp:4  | Noticed the 27-headed Lernaean hydra
 48822 | Swamp:4  | Killed the 27-headed Lernaean hydra
 49477 | Swamp:4  | Got a decaying rune of Zot
 49853 | Elf:1    | Entered Level 1 of the Elven Halls
 49866 | Elf:1    | Reached XP level 19. HP: 145/175 MP: 38/38
 50142 | Elf:1    | Found a radiant altar of Vehumet.
 50694 | Elf:1    | Noticed Asterion
 50699 | Elf:1    | Killed Asterion
 50786 | Elf:1    | Reached skill level 5 in Polearms
 51047 | Elf:1    | Got the Papyrus of Force
 51368 | Elf:1    | Paralysed by an air elemental for 1 turns
 51549 | Elf:2    | Offered knowledge of Freezing Cloud by Vehumet.
 51839 | Elf:2    | Found Otuimmi's Antique Weapon Emporium.
 53116 | Elf:2    | Paralysed by an air elemental for 1 turns
 53313 | Elf:2    | Found a runed translucent gate.
 53313 | Elf:2    | Found a runed translucent gate.
 53324 | Elf:2    | Found a runed translucent gate.
 54709 | Vaults:1 | Entered Level 1 of the Vaults
 56058 | Vaults:1 | Noticed Norris
 56331 | Vaults:1 | Offered knowledge of Starburst by Vehumet.
 56333 | Vaults:1 | Reached XP level 20. HP: 182/182 MP: 35/39
 56778 | Vaults:1 | Killed Norris
 59309 | Snake:4  | Reached skill level 10 in Shields
 60274 | Vaults:2 | Found a staircase to the Crypt.
 60274 | Vaults:2 | Found a basalt altar of Yredelemnul.
 60275 | Vaults:2 | Found an ancient bone altar of Kikubaaqudgha.
 61459 | Vaults:2 | Offered knowledge of Fire Storm by Vehumet.
 61459 | Vaults:2 | Offered knowledge of Shatter by Vehumet.
 61459 | Vaults:2 | Offered knowledge of Polar Vortex by Vehumet.
 62249 | Vaults:3 | Reached skill level 10 in Fire Magic
 62699 | Vaults:3 | Reached XP level 21. HP: 189/189 MP: 39/40
 64458 | Vaults:4 | Found a crumbling gateway.
 64473 | Desolati | Entered the Desolation of Salt
 64664 | Desolati | Gained mutation: You occasionally lose the ability to read
                  | scrolls when taking damage. [mutagenic glow]
 64671 | Desolati | Killed from afar by a servant of whispers

Illustrated notes

Levels and vault maps discovered:
D:1:      minmay_arrival_doors, layout_loops_ring,
          hellmonk_ecumenical_altar_zigzags, serial_glass, glass_columns_b,
          glass_columns_a, chequers_serial_rivers_micro_b
D:2:      layout_loops_ring
D:3:      layout_basic, wad_rectangle_vault
D:4:      layout_loops_ring, guppyfry_early_orc_mine, uniq_sigmund,
          uniq_eustachio
D:5:      layout_basic, minmay_temple_entry_junction, uniq_ijyb,
          uniq_blork_the_orc
D:6:      layout_rooms
D:7:      layout_rooms, uniq_jeremiah
D:8:      layout_basic, erik_lair_orcish_takeover
D:9:      layout_long_grid, lemuel_coloured_pillars_altar, hangedman_glass_teeth
D:10:     layout_rooms
D:11:     layout_gridville, david_orc_2
D:12:     minmay_glassy_protrusions, layout_layer_cave,
          kennysheep_pointless_box, nzn_wu_jian_contemplation
D:13:     layout_loops_ring, hellmonk_vaults_order_and_chaos
D:14:     layout_long_grid, gauntlet_entry_generic, nicolae_tricolors
D:15:     hangedman_depths_entry_try_elsewhere_first, layout_irregular_city,
          dreamdust_wishing_well
Temple:   regret_index_temple_sigil_plot
Lair:1:   layout_long_grid, serial_bayou_crossing, grunt_megastairs_5
Lair:2:   layout_chaotic_city, serial_bayou, serial_bayou_ford_a,
          serial_bayou_pond_e, serial_bayou_pond_c, serial_bayou_shore_a,
          serial_bayou_pond_a, uniq_maggie, uniq_nergalle
Lair:3:   layout_hall_layers, nicolae_swamp_entry_splash_gauntlet,
          nicolae_snake_entry_squirm
Lair:4:   layout_cave_pods, slime_entry_1, minivault_23
Lair:5:   cheibrodos_lair_end_hotspot, layout_gridlike, minivault_11,
          disabler_island
Swamp:1:  layout_basic_swamp, portal_ice_cave_entry_pillars_2,
          hangedman_swamp_cone, uniq_frances
Swamp:2:  nicolae_swamp_wrong_neighborhood, layout_falls_marsh,
          nicolae_swamp_tree_designs, infiniplex_staircase_pool_2
Swamp:3:  layout_basic_swamp, evilmike_swamp_ruin_house_2,
          infiniplex_staircase_pool
Swamp:4:  swamp_old_school, layout_basic_swamp, nicolae_swamp_round_clearing,
          uniq_roxanne
Snake:1:  layout_layer_cave
Snake:2:  layout_basic, nicolae_snake_yet_another_twisty_hallway, uniq_nikola
Snake:3:  layout_grid_shapes, grunt_megastairs_1, serial_bayou_shore_b,
          serial_bayou_shore_b, lemuel_fruit_tree
Snake:4:  grunt_snake_rune_spirals, layout_onion, drop_trap, serial_bayou_pond_c
Orc:1:    layout_caves, nicolae_orc_quarried_blocks
Orc:2:    grunt_orc_gardens, layout_caves, grunt_orc_garden, grunt_orc_garden,
          grunt_orc_garden, grunt_orc_garden, gammafunk_ghost_abyssal_escape,
          serial_shops, nicolae_shop_waterfront
Elf:1:    eino_elf_arrival_altar, layout_gridlike, minmay_elf_annihilation,
          amcnicky_mini_corridor_feature, uniq_asterion
Elf:2:    nicolae_elf_blades_splatter_lattice [nicolae_blade_entry_pointy_end],
          layout_loops_cross, serial_shops, shop
Vaults:1: nicolae_vaults_what_the_h, nicolae_vaults_hexular_roomagon,
          hangedman_vaults_hat, v_rooms_3, nicolae_vaults_little_squares_1,
          nicolae_vaults_trapezoid_1, v_misc_24, v_alt_pattern_2,
          nicolae_vaults_alarming, nicolae_vaults_house_1,
          nicolae_vaults_security_offices_1, layout_vaults_omnigrid, uniq_norris
Vaults:2: hangedman_vaults_cutoff, minmay_crypt_entry_necro_gods, st_octagons_1,
          hangedman_vaults_stretched_pinwheel,
          serial_library_hellmonk_reading_circle, nicolae_vaults_puzzle_piece,
          nicolae_vaults_closet_pinwheel_3, nicolae_vaults_triangles,
          vaults_dpeg_emergency_exit, grunt_vaults_twisty, vaults_dpeg_ring,
          layout_vaults_ring
Vaults:3: ontoclasm_vaults_eye, nicolae_vaults_spaceships,
          nicolae_vaults_circle_grid_a, nicolae_vaults_border_crossing,
          ontoclasm_vaults_misaligned, hangedman_vaults_stretched_pinwheel,
          nicolae_vaults_trapezoid_lopsided_2, v_alt_pattern_3,
          vaults_mumra_lcd, layout_vaults_maze_bifur
Vaults:4: portal_desolation_entry_nicolae_nacl, nicolae_vaults_big_angled_halls,
          v_misc_23, nicolae_vaults_offset_grid_hallway_3, vaults_dpeg_spiral,
          v_misc_12, grunt_vaults_hallway_short, vaults_room_door_ring,
          nicolae_vaults_sightless_eye, nicolae_vaults_frosty_reception,
          v_misc_12, nicolae_vaults_storage_closets_1, vaults_room_door_ring,
          nicolae_vaults_two_Ls, layout_vaults_omnibox
Desolation

Skill      XL: |  1  2  3  4  5  6  7  8  9 10 11 12 13 14 15 16 17 18 19 20 21 |
---------------+----------------------------------------------------------------+-----
Conjurations   | 2 3 4 5 6 7 9 14 16 18 | 18.2
Alchemy        | 1 2 3 |  3.0
Air Magic      | 1 2 |  2.0
Fire Magic     | 4 5 6 7 9 10 14 | 14.3
Fighting       | 2 7 9 10 11 | 11.9
Spellcasting   | 3 6 9 10 12 13 15 16 | 16.0
Armour         | 5 6 7 9 |  9.3
Shields        | 5 7 12 | 12.0
Earth Magic    | 6 10 12 14 | 14.0
Evocations     | 8 |  8.0
Dodging        | 5 |  5.0
Polearms       | 3 7 |  7.4
Stealth        | |  3.0

Action                     |  1- 3 |  4- 6 |  7- 9 | 10-12 | 13-15 | 16-18 | 19-21 || total
---------------------------+-------+-------+-------+-------+-------+-------+-------++-------
  Melee: Unarmed           |     6 |       |       |       |       |       |       ||     6
         Hand axe          |     1 |     8 |    41 |    28 |    85 |    66 |     1 ||   230
         Constrict         |       |       |       |       |    15 |    18 |    25 ||    58
         Demon trident     |       |       |       |       |       |     3 |   113 ||   116
   Cast: Foxfire           |    56 |    55 |   134 |   277 |   176 |   309 |   130 ||  1137
         Scorch            |    18 |    20 |    64 |   319 |   162 |    16 |     7 ||   606
         Mephitic Cloud    |       |     1 |     9 |    18 |    16 |     4 |     4 ||    52
         Flame Wave        |       |       |     3 |    11 |    66 |    19 |    19 ||   118
         Iskenderun's Batt |       |       |       |     2 |    50 |     6 |     3 ||    61
         Fireball          |       |       |       |       |   194 |   311 |   150 ||   655
         Bombard           |       |       |       |       |   120 |   238 |   147 ||   505
         Blink             |       |       |       |       |     4 |       |     1 ||     5
         Olgreb's Toxic Ra |       |       |       |       |     3 |     6 |       ||     9
         Irradiate         |       |       |       |       |       |    18 |    35 ||    53
         Lee's Rapid Decon |       |       |       |       |       |    10 |   214 ||   224
Ability: Spit Poison       |     9 |     1 |    11 |     3 |       |       |       ||    24
  Evoke: Wand              |       |       |       |       |     1 |     7 |     5 ||    13
         Condenser vane    |       |       |       |       |     1 |     1 |     1 ||     3
    Use: Scroll            |       |       |     4 |    12 |    13 |    10 |    19 ||    58
         Potion            |       |       |       |     2 |     9 |     5 |    21 ||    37
   Stab: Confused          |       |       |       |     2 |       |     2 |     1 ||     5
         Invisible         |       |       |       |       |       |     2 |       ||     2
 Armour: Robe              |    27 |    13 |    73 |   171 |   327 |   353 |   434 ||  1398
  Dodge: Dodged            |    18 |    13 |    76 |    90 |   168 |   128 |   185 ||   678
  Block: Buckler           |       |       |       |    35 |   148 |    90 |    87 ||   360
         Kite shield       |       |       |       |       |       |       |   176 ||   176

Table legend: (Time is in decaauts)
 A = Elapsed time spent in this place.
 B = Non-inter-level travel time spent in this place.
 C = Inter-level travel time spent in this place.
 D = Time resting spent in this place.
 E = Time spent auto-exploring this place.
 F = Levels seen in this place.
 G = Mean time per level.
                   A        B        C        D        E       F      G
               +--------+--------+--------+--------+--------+-----+--------+
         Total |  76299 |  70869 |   5430 |  25206 |  31657 |  40 | 1907.5 |
       Dungeon |  24479 |  22761 |   1718 |   7017 |  11061 |  15 | 1631.9 |
        Temple |     72 |      2 |     70 |      0 |      0 |   1 |   72.0 |
          Lair |  12821 |  11275 |   1546 |   3043 |   5966 |   5 | 2564.2 |
         Swamp |   6725 |   6327 |    398 |   2037 |   2867 |   4 | 1681.2 |
     Snake Pit |  10096 |   9451 |    645 |   3908 |   3930 |   4 | 2524.0 |
  Orcish Mines |   3182 |   3021 |    161 |   1116 |   1384 |   2 | 1591.0 |
   Elven Halls |   5100 |   4579 |    521 |   2163 |   1697 |   2 | 2550.0 |
        Vaults |  10507 |  10139 |    368 |   4233 |   4071 |   4 | 2626.8 |
      Ice Cave |   2287 |   2287 |      0 |   1242 |    534 |   1 | 2287.0 |
    Desolation |    214 |    214 |      0 |     37 |      0 |   1 |  214.0 |
      Gauntlet |    810 |    810 |      0 |    407 |    142 |   1 |  810.0 |
               +--------+--------+--------+--------+--------+-----+--------+

Top non-repeatable levels by time:
Vaults:1: 4342 daAuts
Vaults:2: 3751 daAuts
   Elf:1: 3668 daAuts
  Lair:5: 3418 daAuts
 Snake:3: 3082 daAuts
 Snake:4: 3073 daAuts
  Lair:3: 2658 daAuts
    D:12: 2473 daAuts
  Lair:1: 2461 daAuts
    D:13: 2295 daAuts
   IceCv: 2287 daAuts
  Lair:2: 2203 daAuts
 Swamp:4: 2122 daAuts
    D:11: 2081 daAuts
  Lair:4: 2079 daAuts
